 Dungeon Crawl Stone Soup version 0.24.0-13-gcf9b319 (webtiles) character file.

Game seed: 16391583997376844415, levelgen mode: deterministic

200 Fang the Skirmisher (level 5, -5/34 HPs)
             Began as a Gargoyle Fighter on Jan 2, 2020.
             Slain by a two-headed ogre
             ... wielding a +0 giant spiked club
              (9 damage)
             ... on level 3 of the Dungeon.
             The game lasted 00:02:40 (2104 turns).

Fang the Skirmisher (Gargoyle Fighter)              Turns: 2104, Time: 00:02:41

Health: -5/34      AC: 14    Str: 25    XL:     5   Next: 79%
Magic:  5/5        EV:  6    Int:  9    God:
Gold:   137        SH: 10    Dex:  9    Spells: 4/4 levels left

rFire    . . .     SeeInvis .   a - +0 war axe
rCold    . . .     Gourm    .   B - +0 shield
rNeg     + . .     Faith    .   b - +0 chain mail
rPois    ∞         Spirit   .   p - +1 hat
rElec    +         Reflect  .   (no cloak)
rCorr    .         Harm     .   (no gloves)
MR       .....                  (no boots)
Stlth    ..........             (no amulet)
HPRegen  0.11/turn              m - ring of flight
MPRegen  0.09/turn              (no ring)

@: mighty, lightly drained
A: negative energy resistance 1, electricity resistance, unbreathing,
petrification resistance, rot immunity, AC +4
a: Evoke Flight


You were on level 3 of the Dungeon.
You were not hungry.

You visited 1 branch of the dungeon, and saw 3 of its levels.

You collected 137 gold pieces.

Inventory:

Hand Weapons
 a - a +0 war axe (weapon)
Armour
 b - a +0 chain mail (worn)
 p - a +1 hat (worn)
 B - a +0 shield (worn)
Jewellery
 m - a ring of flight (left hand)
Scrolls
 g - 3 scrolls of fear {unknown}
 h - 2 scrolls of enchant armour {unknown}
 i - 3 scrolls of teleportation {unknown}
 k - a scroll of fog {unknown}
 l - 2 scrolls of remove curse {unknown}
 o - 3 scrolls of identify {unknown}
Potions
 e - a potion of invisibility {unknown}
 j - a potion of lignification {unknown}
 n - a potion of curing {unknown}
 q - a potion of heal wounds {unknown}
Comestibles
 c - 5 rations
 f - 8 chunks of flesh


   Skills:
 + Level 4.4(4.3) Fighting
 + Level 3.0(2.8) Axes
 + Level 4.4(4.2) Armour
 + Level 4.4(4.2) Shields


You had 4 spell levels left.
You didn't know any spells.
Your spell library was empty.

Dungeon Overview and Level Annotations

Branches:
Dungeon (3/15)

Altars:


Innate Abilities, Weirdness & Mutations

You are resistant to torment.
Your stone body is resilient. (AC +4)
You are immune to poison.
You resist negative energy. (rN+)
You are resistant to electric shocks. (rElec)
You can survive without breathing.
You are immune to petrification.
You are immune to rotting.


Message History

You see here a bat skeleton. x2
c - 5 rations (gained 1)
A two-headed ogre comes into view.
It is wielding two +0 giant spiked clubs.
A two-headed ogre is nearby!
A two-headed ogre is nearby!
You slash the two-headed ogre!
The two-headed ogre is lightly wounded.
You block the two-headed ogre's attack.
The two-headed ogre hits you with a +0 giant spiked club!!
Ouch! That really hurt!
* * * LOW HITPOINT WARNING * * *
Okay, then.
You feel very mighty all of a sudden.
You block the two-headed ogre's attack. x2
You hit the two-headed ogre.
The two-headed ogre is lightly wounded.
The two-headed ogre hits you with a +0 giant spiked club.
* * * LOW HITPOINT WARNING * * *
The two-headed ogre hits you with a +0 giant spiked club!
You die...

#).##.....#
#..##..)..#
...######## ##.# #
# ##.######## #..#
..........# .#.#
###.#####.# ...
.......##.#######O#
###.##..........@.#
#.#####.#########
#.......# #########


You could see a two-headed ogre.

Vanquished Creatures
  A water moccasin skeleton (D:3)
  Terence (D:2)
  4 adders (D:2)
  An ooze (D:1)
  A worm (D:3)
  4 dart slugs
  An orc (D:3)
  2 giant cockroaches
  7 goblins
  5 hobgoblins
  7 jackals
  3 quokkas
  2 ball pythons
  7 bats
  A frilled lizard (D:1)
  9 kobolds
  25 rats
81 creatures vanquished.

Notes
Turn   | Place    | Note
-------+----------+-------------------------------------------
     0 | D:1      | Fang the Gargoyle Fighter began the quest for the Orb.
     0 | D:1      | Reached XP level 1. HP: 14/14 MP: 1/1
   181 | D:1      | Reached XP level 2. HP: 19/19 MP: 2/2
   326 | D:1      | Reached XP level 3. HP: 19/23 MP: 3/3
   937 | D:2      | Reached XP level 4. HP: 24/29 MP: 4/4
   960 | D:2      | Noticed Terence
   972 | D:2      | Killed Terence
  1186 | D:2      | Reached XP level 5. HP: 24/33 MP: 5/5
  2101 | D:3      | Noticed a two-headed ogre
  2104 | D:3      | Slain by a two-headed ogre

Levels and vault maps discovered:
D:1:      dpeg_arrival_concentric_ovals, layout_basic, serial_bayou_crossing
D:2:      layout_loops_ring, chequers_hall_statues_wall_a, nrook_campfire,
          minmay_rat_hole, uniq_terence
D:3:      layout_loops_cross, minmay_fractal_squares_gapless_5

Skill      XL: |  1  2  3  4  5 |
---------------+----------------+-----
Axes           | 2 3 |  3.0
Fighting       | 4 |  4.4
Armour         | 4 |  4.4
Shields        | 4 |  4.4

Action                   |  1- 3 |  4- 6 || total
-------------------------+-------+-------++-------
Melee: War axe           |   129 |   193 ||   322
  Use: Potion            |       |     1 ||     1
  Eat: Chunk             |       |     5 ||     5
Armor: Scale mail        |   103 |     7 ||   110
       Chain mail        |       |   110 ||   110
Dodge: Dodged            |    55 |    49 ||   104
Block: Shield            |    80 |   121 ||   201
